 Dungeon Crawl Stone Soup version 0.29-a0-824-gd827844252 (webtiles) character file.

Game seed: 5082927281034656387

159 LynnLen the Sneak (level 5, -2/28 HPs)
             Began as a Vampire Enchanter on July 9, 2022.
             Splashed by a jelly's acid (7 damage)
             ... on level 3 of the Dungeon.
             The game lasted 00:10:59 (2782 turns).

LynnLen the Sneak (Vampire Enchanter)               Turns: 2782, Time: 00:10:59

Health: -2/28      AC:  2    Str:  7    XL:     5   Next: 17%
Magic:  8/8        EV: 14    Int: 19    God:
Gold:   47         SH:  0    Dex: 15    Spells: 3/8 levels left

rFire   . . .      SeeInvis +   j - +4 dagger
rCold   + + .      Faith    .   (no shield)
rNeg    + + +      Spirit   .   w - +0 ring mail
rPois   ∞          Reflect  .   (no helmet)
rElec   .          Harm     .   (no cloak)
rCorr   .          Rampage  .   (no gloves)
Will    .....                   r - +0 pair of boots
Stlth   +++++.....              (no amulet)
HPRegen 0.00/turn               g - +4 ring of evasion
MPRegen 0.11/turn               (no ring)

@: corroded, bloodless, inhibited regen, invisible
A: bloodless, fangs 3, see invisible, vampiric 2
a: Bat Form, Revivify


You were on level 3 of the Dungeon.
You visited 1 branch of the dungeon, and saw 3 of its levels.

You collected 110 gold pieces.
You spent 63 gold pieces at shops.

Inventory:

Hand Weapons
 j - a +4 dagger (weapon)
 n - a +2 vampiric short sword
Missiles
 e - 60 stones (quivered)
 s - 19 poisoned darts
Armour
 r - a +0 pair of boots (worn)
 w - a +0 ring mail (worn)
Jewellery
 f - a +6 ring of strength
 g - a +4 ring of evasion (left hand)
 m - a ring of poison resistance
Scrolls
 o - a scroll of immolation {unknown}
 q - 2 scrolls of identify {unknown}
 u - a scroll of magic mapping {unknown}
 v - a scroll of enchant weapon
Potions
 a - 3 potions of ambrosia {unknown}
 h - 2 potions of haste {unknown}
 i - a potion of curing {unknown}
 k - a potion of lignification {unknown}
 l - a potion of cancellation {unknown}
 p - a potion of heal wounds {unknown}
 t - a potion of degeneration {unknown}


   Skills:
 + Level 2.3 Short Blades
 * Level 2.5 Dodging
 * Level 7.9 Stealth
 + Level 2.1 Spellcasting
 + Level 4.9 Hexes


You had 3 spell levels left.
You knew the following spells:

 Your Spells              Type           Power      Damage    Failure   Level
a - Tukima's Dance        Hex            20%        N/A       24%         3
b - Ensorcelled Hibernat  Hex/Ice        22%        N/A       32%         2

Your spell library contained the following spells:

 Spells                   Type           Power      Damage    Failure   Level
 Confusing Touch          Hex            20%        N/A       24%         3
 Dazzling Flash           Conj/Hex       22%        N/A       54%         3
 Summon Guardian Golem    Hex/Summ       11%        N/A       54%         3
 Gell's Gravitas          Tloc           2%         N/A       87%         3
 Lesser Beckoning         Tloc           2%         N/A       87%         3
 Teleport Other           Tloc           2%         N/A       87%         3
 Orb of Destruction       Conj           1%         9d5       100%        7
 Spellforged Servitor     Conj/Summ      1%         N/A       100%        7


Dungeon Overview and Level Annotations

Branches:
Dungeon (3/15)

Altars:
Trog
Wu Jian

Shops:
D:1 =*


Innate Abilities, Weirdness & Mutations

You do not regenerate when monsters are visible.
You are frail without blood (-20% HP).
You can heal yourself when you bite living creatures.
You are immune to poison.
You have razor-sharp teeth.
You have supernaturally acute eyesight. (SInv)
You are afflicted with vampirism and can become a bat while bloodless.


Message History

You see here a +0 dagger.
You hit the endoplasm.
The endoplasm is heavily wounded.
The endoplasm hits you.
You hit the endoplasm.
The endoplasm is severely wounded.
The endoplasm closely misses you.
You hit the endoplasm.
You kill the endoplasm!
A nearby fungus withers and dies.
The endoplasm barely misses you.
You see here a +0 dagger.
You hit the endoplasm.
The endoplasm is almost dead.
The endoplasm misses you.
You hit the endoplasm.
You kill the endoplasm!
You hit the endoplasm.
You kill the endoplasm!
You hit the jelly.
Your hands burn!
You bite the jelly.
The jelly is moderately wounded.
The jelly closely misses you.
You hit the jelly. The acid corrodes you!
Your hands burn!
You bite the jelly, but do no damage.
The jelly is severely wounded.
You hit the jelly.
Your hands burn!
The jelly is severely wounded.
The jelly hits you.
You are splashed with acid.
You hit the jelly but do no damage.
Your hands burn!
* * * LOW HITPOINT WARNING * * *
You bite the jelly, but do no damage.
The jelly is severely wounded.
The jelly closely misses you.
You fade into invisibility!
The jelly misses you. The jelly attacks as you move away!
The jelly closely misses you. The jelly attacks as you move away!
The jelly barely misses you. The jelly attacks as you move away!
The jelly hits you.
* * * LOW HITPOINT WARNING * * *
You are splashed with acid!
You die...

#####.######## ####### ##.##..
# ##.#
##########......###.#.... #
#..###......##'÷JJ÷..##[###...
#
#..##.......#)#......###.#.##.
# #..'........#.#PJ÷..P#
##.###. #
#..'))).....#J#..J...# #.# #.
# ##.'..)...#'#.#..÷.J.# #.#
#. #
#.##)....#.#J#.J.JJ.####.# #.
# #####....#.#@#.P....##...#
#. # #######.##÷....$###### #.
# ### #### #. #
#.###############..# #. #
#.##.##..........#.# #. #
#.##.##.#####.##.#.# #. #
########.##.##....)..##.#.# #.
###.....##.##.##.########.#.#
#. ..#.._..##.##.##.#
#####.#.####.


You could see a jelly and an endoplasm.

Vanquished Creatures
  Jessica (D:3)
  5 adders
  A dart slug (D:1)
  6 ball pythons
  6 bats
  14 endoplasms
  3 giant cockroaches
  4 goblins
  5 hobgoblins
  3 jackals (D:2)
  A quokka (D:2)
  6 frilled lizards
  22 kobolds
  9 rats
86 creatures vanquished.

Vanquished Creatures (others)
  2 fungi (D:3)
  10 toadstools (D:3)
12 creatures vanquished.

Grand Total: 98 creatures vanquished

Notes
Turn   | Place    | Note
-------+----------+-------------------------------------------
     0 | D:1      | LynnLen the Vampire Enchanter began the quest for the Orb.
     0 | D:1      | Reached XP level 1. HP: 13/13 MP: 3/3
   120 | D:1      | Found Killue Kiha's General Store.
   127 | D:1      | Reached skill level 5 in Stealth
   139 | D:1      | Reached XP level 2. HP: 15/15 MP: 5/5
   293 | D:1      | Found Kumis's Jewellery Emporium.
   754 | D:2      | Gained mutation: You are afflicted with vampirism and can
                  | become a bat while bloodless. [Vampire growth]
   754 | D:2      | Reached XP level 3. HP: 18/19 MP: 6/6
   765 | D:2      | Learned a level 3 spell: Tukima's Dance
   768 | D:2      | Learned a level 2 spell: Ensorcelled Hibernation
   793 | D:2      | Reached skill level 6 in Stealth
  1364 | D:2      | Reached XP level 4. HP: 22/24 MP: 7/7
  1630 | D:3      | Found an ornate altar of the Wu Jian Council.
  1636 | D:3      | Noticed Jessica
  1655 | D:2      | Reached skill level 7 in Stealth
  1689 | D:3      | Killed Jessica
  1703 | D:3      | Found a faded altar of an unknown god.
  1709 | D:3      | Found a bloodstained altar of Trog.
  1893 | D:1      | Bought a +0 pair of boots for 63 gold pieces
  2341 | D:3      | Reached XP level 5. HP: 28/28 MP: 8/8
  2782 | D:3      | Splashed by a jelly's acid

Illustrated notes

Levels and vault maps discovered:
D:1:      wander_arrival_lonely_grave, layout_rooms, serial_shops, shop, shop
D:2:      layout_rooms
D:3:      cheibrodos_fertilizer, layout_loops_ring,
          nicolae_overflow_ecumenical_swirl, nicolae_wu_jian_wuxing_cycle,
          mainiacjoe_overflow_alcove_1, minmay_pentomino_pile, uniq_jessica

Skill      XL: |  1  2  3  4 |
---------------+-------------+-----
Stealth        | 5 6 7 |  7.9
Short Blades   | 2 |  2.3
Dodging        | |  2.5
Spellcasting   | |  2.1
Hexes          | |  4.9

Action                   |  1- 3 |  4- 6 || total
-------------------------+-------+-------++-------
Melee: Dagger            |   121 |    78 ||   199
       Bite              |     5 |     5 ||    10
       Punch             |       |     1 ||     1
Throw: Stone             |     1 |       ||     1
 Abil: Exsanguinate      |     1 |       ||     1
  Use: Scroll            |     3 |       ||     3
       Potion            |     1 |     1 ||     2
 Stab: Sleeping          |    14 |    17 ||    31
Armor: Leather armour    |    22 |     4 ||    26
       Ring mail         |       |     7 ||     7
Dodge: Dodged            |    75 |    50 ||   125

Table legend: (Time is in decaauts)
 A = Elapsed time spent in this place.
 B = Non-inter-level travel time spent in this place.
 C = Inter-level travel time spent in this place.
 D = Time resting spent in this place.
 E = Time spent auto-exploring this place.
 F = Levels seen in this place.
 G = Mean time per level.
                   A        B        C        D        E       F      G
               +--------+--------+--------+--------+--------+-----+--------+
         Total |   2767 |   2708 |     59 |    354 |   1061 |   3 |  922.3 |
       Dungeon |   2767 |   2708 |     59 |    354 |   1061 |   3 |  922.3 |
               +--------+--------+--------+--------+--------+-----+--------+

Top non-repeatable levels by time:
     D:3: 1056 daAuts
     D:2: 933 daAuts
     D:1: 777 daAuts
